 Dungeon Sprint DCSS version 0.17-a0-2127-g1cb09f6 (webtiles) character file.

40799 Kidiri the Unseen (level 13, -2/60 HPs)
             Began as a Spriggan Enchanter on Oct 23, 2015.
             Was the Champion of Dithmenos.
             Killed by the air
             ... invoked by Gastronok
              (41 damage)
             ... in the Dungeon (Sprint III: "The Ten Rune Challenge").
             The game lasted 00:17:41 (4034 turns).

Kidiri the Unseen (Spriggan Enchanter)              Turns: 4034, Time: 00:17:42

Health: -2/60      AC:  3    Str:  4    XL:     13   Next: 6%
Magic:  0/34       EV: 36    Int: 20    God:    Dithmenos [******]
Gold:   17         SH:  0    Dex: 20    Spells: 5 memorised, 33 levels left

rFire  . . .     SeeInvis +     a - +1 dagger
rCold  . . .     Clarity  .     b - +1 robe
rNeg   . . .     SustAt   .     (shield restricted)
rPois  .         Gourm    .     (helmet restricted)
rElec  .         Spirit   .     (no cloak)
rCorr  .         Warding  .     (gloves unavailable)
rMut   .         NoTele   +     (boots unavailable)
MR     ++...                    (no amulet)
Stlth  ++++++++++               (no ring)
                                (no ring)

@: wreathed by umbra, very quick, very resistant to hostile enchantments,
uncannily stealthy
A: unfitting armour, see invisible, agile 1, herbivore 3, speed 3, mutation
resistance 1, robust 1, slow metabolism 2
a: Shadow Step, Shadow Form, Renounce Religion
}: 1/10 runes: serpentine


You were in the Dungeon.
You worshipped Dithmenos.
Dithmenos was exalted by your worship.
You were not hungry.

You visited 1 branch You collected 17 gold pieces.

Inventory:

Hand Weapons
 a - a +1 dagger (weapon)
 j - a +1 vampiric great sword
 l - a +2 eveningstar of protection
 w - a +0 blowgun
 y - a +0 quarterstaff
 A - a +0 blowgun
 D - a +0 battleaxe
 E - a +0 hand axe
 F - a +0 halberd
 H - a +2 vampiric whip
Missiles
 x - 5 needles of frenzy
 B - 11 throwing nets (quivered)
 C - 5 needles of sleeping
Armour
 b - a +1 robe (worn)
 d - a swamp dragon hide
 f - a swamp dragon hide
 m - a +0 plate armour
 z - a +0 robe
 G - a +0 robe
 I - a +0 robe
 J - a +0 leather armour
Wands
 o - a wand of heal wounds (4)
Scrolls
 k - a scroll of recharging
 n - a scroll of immolation {unknown}
 p - a scroll of remove curse {unknown}
 t - a scroll of torment {unknown}
Potions
 c - a potion of flight {unknown}
 e - 3 potions of curing
 g - a potion of haste
 h - 2 potions of magic
 i - 2 potions of berserk rage
 r - 2 potions of cure mutation
 s - a potion of brilliance
 v - 2 potions of might
Comestibles
 q - 25 royal jellies
 u - 7 fruits


   Skills:
 * Level 15.2 Short Blades
 + Level 8.0 Armour
 * Level 19.0 Dodging
 * Level 20.7 Stealth
 * Level 16.7 Spellcasting
 + Level 7.8 Conjurations
 + Level 12.6 Hexes
 + Level 8.8 Ice Magic
 - Level 2.8 Invocations


You had 33 spell levels left.
You knew the following spells:

 Your Spells              Type           Power        Failure   Level  Hunger
a - Corona                Hex            ######.      1%          1    None
b - Ensorcelled Hibernat  Hex/Ice        ######       1%          2    None
c - Confuse               Hex            ######..     1%          3    None
d - Tukima's Dance        Hex            ######..     1%          3    None
e - Dazzling Spray        Conj/Hex       ######..     1%          3    None


Dungeon Overview and Level Annotations

Branches:
Dungeon (1/1)

Altars:
Cheibriados
Dithmenos
Elyvilon
Fedhas
Gozag
Kikubaaqudgha
Makhleb
Nemelex Xobeh
Okawaru
Qazlal
Ru
Sif Muna
Trog
Vehumet
Xom
Yredelemnul
Zin
The Shining One
Jiyva
Lugonu

Shops:
D [:!(=!

Annotations:
D Gastronok, Lernaean hydra


Innate Abilities, Weirdness & Mutations

You are tiny and cannot use many weapons and most armour.
You have supernaturally acute eyesight.
You are a herbivore.
You cover ground extremely quickly.
You need consume almost no food.
You are agile. (Dex +2)
You are somewhat resistant to further mutation.
You are robust (+10% HP).


Message History

Confirm with . or Enter, or press ? or * to list all spells.
Aiming: Dazzling Spray
Press: ? - help, Shift-Dir - straight line, f/p - Gastronok
Aim: Gastronok, wearing a hat (black smoke, severely wounded, umbra)
The spray of energy hits Gastronok.
Gastronok is severely wounded.
Your shadow mimicks your spell!
The shadow shard hits Gastronok.
Casting: Dazzling Spray
Confirm with . or Enter, or press ? or * to list all spells.
Aiming: Dazzling Spray
Press: ? - help, Shift-Dir - straight line, f/p - Gastronok
Aim: Gastronok, wearing a hat (black smoke, almost dead, umbra)
The spray of energy hits Gastronok.
Gastronok is almost dead.
You hear a trumpeting!
Gastronok waves his eye-stalks in wide circles.
The air twists around and strikes you!
Ouch! That really hurt!
You die...

#..# #..#####....#___#_.+...#..
▓▓▓▓▓▓▓▓▓▓▓▓▓▓▓▓▓▓▓▓▓▓▓▓▓▓▓▓▓▓▓
▓...+≈≈§§§§≈≈≈♣♣.....♣♣♣♣≈≈≈...
▓.YP#≈≈§§§≈≈≈≈♣♣.≈≈≈≈+♣♣'♣≈≈≈≈≈
▓YPP#.≈≈≈§§§≈≈≈'.%.%.#.≈♣♣♣♣♣♣♣
▓..P#≈≈≈§§≈≈≈≈♣♣♣♣♣♣♣#..♣♣
..[#.≈≈.§≈≈≈≈♣ ###+♣♣♣♣♣♣
▓##'####+#######♣ ♣♣♣♣.##..##
▓.....bYw†Y.w§@.♣♣ ♣...##.##.#
▓#+#############+♣ ♣♣.##.##.##
..J#≈...........♣ ♣..#.##...
▓...+≈≈...########♣♣ ♣♣.##.##..
▓.J.#≈≈≈...........♣ ♣♣.##.####
▓.J.#≈≈≈≈..........♣ ♣.....##..
#+#############+#### ########+#
#.♣♣ #.. #♣.♣ #..


You could see Gastronok.

Vanquished Creatures
  Rupert (D)
  A greater naga (D)
  Maud (D)
  2 dire elephants (D)
  A naga warrior (D)
  Erolcha (D)
  2 hydras (D)
  4 anacondas (D)
  4 death yaks (D)
  A spriggan druid (D)
  A death drake (D)
  3 swamp dragons (D)
  A lindwurm (D)
  7 black mambas (D)
  A guardian serpent (D)
  2 spiny frogs (D)
  A komodo dragon (D)
  A queen bee (D)
  3 wandering mushrooms (D)
  A deep elf priest (D)
  A fire drake (D)
  8 blink frogs (D)
  2 trapdoor spiders (D)
  2 spriggans (D)
  A shadow (D)
  4 redbacks (D)
  2 nagas (D)
  2 hill giants (D)
  A spatial vortex (D)
  6 water moccasins (D)
  3 swamp drakes (D)
  A necrophage (D)
  3 two-headed ogres (D)
  2 brain worms (D)
  A water elemental (D)
  32 killer bees (D)
  A wizard (D)
  A jelly (D)
  A necromancer (D)
  A wolf (D)
  A kobold demonologist (D)
  3 humans (D)
  An adder (D)
  2 oozes (D)
  2 rats (D)
  7 plants (D)
130 creatures vanquished.

Vanquished Creatures (others)
  2 draconian scorchers (D)
  2 yaktaurs (D)
  An electric eel (D)
  2 plants (D)
7 creatures vanquished.

Grand Total: 137 creatures vanquished

Notes
Turn   | Place    | Note
--------------------------------------------------------------
     0 | D        | Kidiri the Spriggan Enchanter began the quest for the Orb.
     0 | D        | Reached XP level 1. HP: 9/9 MP: 5/5
    95 | D        | Killed a yaktaur
   162 | D        | Killed a white draconian scorcher
   227 | D        | Killed a white draconian scorcher
   288 | D        | Reached skill level 5 in Stealth
   288 | D        | Reached XP level 2. HP: 8/13 MP: 5/7
   292 | D        | Learned a level 2 spell: Ensorcelled Hibernation
   454 | D        | Noticed a wolf
   464 | D        | Killed a wolf
   464 | D        | Reached skill level 1 in Armour
   464 | D        | Reached skill level 6 in Stealth
   464 | D        | Reached XP level 3. HP: 16/16 MP: 5/9
   481 | D        | Learned a level 3 spell: Confuse
   485 | D        | Learned a level 3 spell: Dazzling Spray
   564 | D        | Reached skill level 1 in Ice Magic
   597 | D        | Gained mutation: You are robust (+10% HP). [potion of mutation]
   597 | D        | Gained mutation: You are somewhat resistant to further mutation. [potion of mutation]
   598 | D        | Gained mutation: You are agile. (Dex +2) [potion of mutation]
   615 | D        | Noticed a water elemental
   618 | D        | Killed a water elemental
   618 | D        | Reached skill level 5 in Dodging
   618 | D        | Reached skill level 7 in Stealth
   618 | D        | Reached skill level 5 in Spellcasting
   618 | D        | Reached skill level 1 in Conjurations
   618 | D        | Reached XP level 4. HP: 23/23 MP: 10/12
   623 | D        | Learned a level 3 spell: Tukima's Dance
   650 | D        | Noticed a jelly
   651 | D        | Noticed a shadow
   653 | D        | Killed a shadow
   653 | D        | Reached skill level 5 in Short Blades
   653 | D        | Reached skill level 9 in Stealth
   653 | D        | Reached skill level 5 in Hexes
   653 | D        | Reached XP level 5. HP: 26/26 MP: 13/15
   657 | D        | Killed a jelly
   657 | D        | Reached XP level 6. HP: 30/30 MP: 14/17
   678 | D        | Found a stormy altar of Qazlal.
   679 | D        | Found a sacrificial altar of Ru.
   679 | D        | Found a burning altar of Makhleb.
   679 | D        | Found a viscous altar of Jiyva.
   679 | D        | Found a shimmering altar of Xom.
   679 | D        | Found a shadowy altar of Dithmenos.
   679 | D        | Found a sparkling altar of Nemelex Xobeh.
   679 | D        | Found a corrupted altar of Lugonu.
   679 | D        | Found an opulent altar of Gozag.
   679 | D        | Noticed a spatial vortex
   683 | D        | Became a worshipper of Dithmenos the Shadowed
   698 | D        | Killed a spatial vortex
   698 | D        | Reached skill level 10 in Stealth
   698 | D        | Reached skill level 1 in Invocations
   818 | D        | Found a radiant altar of Vehumet.
   819 | D        | Found a deep blue altar of Sif Muna.
   819 | D        | Found an ancient bone altar of Kikubaaqudgha.
   819 | D        | Noticed a wizard
   820 | D        | Killed a wizard
   822 | D        | Reached * piety under Dithmenos
   871 | D        | Found a glowing silver altar of Zin.
   872 | D        | Found a glowing golden altar of the Shining One.
   872 | D        | Found a white marble altar of Elyvilon.
   872 | D        | Noticed a deep elf priest
   874 | D        | Killed a deep elf priest
   874 | D        | Reached XP level 7. HP: 35/35 MP: 17/19
   888 | D        | Found an iron altar of Okawaru.
   889 | D        | Found a bloodstained altar of Trog.
   889 | D        | Noticed a human
   889 | D        | Noticed a human
   891 | D        | Killed a human
   891 | D        | Reached skill level 11 in Stealth
   892 | D        | Killed a human
   892 | D        | Reached skill level 10 in Dodging
   910 | D        | Found a snail-covered altar of Cheibriados.
   910 | D        | Noticed a necrophage
   911 | D        | Found a basalt altar of Yredelemnul.
   911 | D        | Found a blossoming altar of Fedhas.
   911 | D        | Noticed a necromancer
   912 | D        | Killed a necrophage
   912 | D        | Reached ** piety under Dithmenos
   912 | D        | Reached XP level 8. HP: 39/39 MP: 22/22
   913 | D        | Killed a necromancer
   968 | D        | Noticed a two-headed ogre
   968 | D        | Noticed a two-headed ogre
   972 | D        | Killed a two-headed ogre
   974 | D        | Killed a two-headed ogre
   974 | D        | Reached *** piety under Dithmenos
   979 | D        | Noticed a two-headed ogre
   980 | D        | Killed a two-headed ogre
   980 | D        | Reached skill level 12 in Stealth
  1050 | D        | Noticed a hill giant
  1058 | D        | Killed a hill giant
  1091 | D        | Noticed a hill giant
  1091 | D        | Noticed Erolcha
  1093 | D        | Killed Erolcha
  1093 | D        | Reached skill level 13 in Stealth
  1093 | D        | Reached skill level 10 in Spellcasting
  1093 | D        | Reached XP level 9. HP: 42/42 MP: 22/24
  1094 | D        | Killed a hill giant
  1189 | D        | Noticed a redback
  1194 | D        | Killed a redback
  1194 | D        | Reached **** piety under Dithmenos
  1244 | D        | Noticed a trapdoor spider
  1247 | D        | Killed a trapdoor spider
  1279 | D        | Killed a yaktaur
  1300 | D        | Noticed a trapdoor spider
  1303 | D        | Killed a trapdoor spider
  1303 | D        | Reached skill level 5 in Ice Magic
  1322 | D        | Noticed a killer bee
  1322 | D        | Noticed a killer bee
  1322 | D        | Noticed a killer bee
  1323 | D        | Noticed a killer bee
  1323 | D        | Noticed a killer bee
  1323 | D        | Noticed a killer bee
  1323 | D        | Noticed a killer bee
  1323 | D        | Noticed a killer bee
  1323 | D        | Noticed a queen bee
  1323 | D        | Noticed a killer bee
  1323 | D        | Noticed a killer bee
  1323 | D        | Noticed a killer bee
  1323 | D        | Noticed a killer bee
  1323 | D        | Noticed a killer bee
  1323 | D        | Noticed a killer bee
  1323 | D        | Noticed a killer bee
  1323 | D        | Noticed a killer bee
  1323 | D        | Noticed a killer bee
  1323 | D        | Noticed a killer bee
  1323 | D        | Noticed a killer bee
  1323 | D        | Noticed a killer bee
  1323 | D        | Noticed a killer bee
  1323 | D        | Noticed a killer bee
  1323 | D        | Noticed a killer bee
  1323 | D        | Noticed a killer bee
  1323 | D        | Noticed a killer bee
  1323 | D        | Noticed a killer bee
  1323 | D        | Noticed a killer bee
  1323 | D        | Noticed a killer bee
  1323 | D        | Noticed a killer bee
  1323 | D        | Noticed a killer bee
  1323 | D        | Noticed a killer bee
  1323 | D        | Noticed a killer bee
  1324 | D        | Killed a killer bee
  1325 | D        | Killed a killer bee
  1326 | D        | Killed a killer bee
  1327 | D        | Killed a killer bee
  1327 | D        | Reached ***** piety under Dithmenos
  1327 | D        | Killed a killer bee
  1331 | D        | Killed a killer bee
  1331 | D        | Reached skill level 14 in Stealth
  1336 | D        | Killed a killer bee
  1339 | D        | Killed a killer bee
  1341 | D        | Killed a killer bee
  1343 | D        | Killed a killer bee
  1343 | D        | Reached skill level 10 in Short Blades
  1480 | D        | Killed a killer bee
  1485 | D        | Killed a killer bee
  1487 | D        | Killed a killer bee
  1488 | D        | Killed an electric eel
  1489 | D        | Killed a killer bee
  1493 | D        | Killed a killer bee
  1495 | D        | Killed a killer bee
  1504 | D        | Killed a killer bee
  1660 | D        | Killed a killer bee
  1662 | D        | Killed a killer bee
  1664 | D        | Killed a killer bee
  1668 | D        | Killed a killer bee
  1672 | D        | Killed a killer bee
  1675 | D        | Killed a killer bee
  1675 | D        | Reached ****** piety under Dithmenos
  1677 | D        | Killed a killer bee
  1679 | D        | Killed a killer bee
  1679 | D        | Reached skill level 5 in Armour
  1819 | D        | Killed a killer bee
  1827 | D        | Killed a queen bee
  1827 | D        | Reached XP level 10. HP: 40/48 MP: 10/26
  1830 | D        | Killed a killer bee
  1838 | D        | Killed a killer bee
  1864 | D        | Killed a killer bee
  1971 | D        | Killed a killer bee
  1992 | D        | Killed a killer bee
  1996 | D        | Killed a killer bee
  1996 | D        | Reached skill level 15 in Stealth
  2098 | D        | Noticed a wandering mushroom
  2099 | D        | Noticed a wandering mushroom
  2099 | D        | Noticed a wandering mushroom
  2100 | D        | Killed a wandering mushroom
  2100 | D        | Reached skill level 5 in Conjurations
  2104 | D        | Killed a wandering mushroom
  2109 | D        | Killed a wandering mushroom
  2222 | D        | Noticed a spiny frog
  2222 | D        | Noticed a komodo dragon
  2222 | D        | Noticed a spiny frog
  2227 | D        | Killed a spiny frog
  2229 | D        | Killed a spiny frog
  2231 | D        | Killed a komodo dragon
  2258 | D        | Noticed a redback
  2260 | D        | Killed a redback
  2261 | D        | Noticed a brain worm
  2265 | D        | Killed a brain worm
  2269 | D        | Noticed a brain worm
  2271 | D        | Killed a brain worm
  2274 | D        | Noticed a lindwurm
  2276 | D        | Noticed a redback
  2277 | D        | Killed a lindwurm
  2277 | D        | Reached skill level 16 in Stealth
  2279 | D        | Killed a redback
  2284 | D        | Noticed a redback
  2285 | D        | Killed a redback
  2286 | D        | Noticed Maud
  2288 | D        | Killed Maud
  2288 | D        | Reached skill level 15 in Dodging
  2288 | D        | Reached skill level 10 in Hexes
  2288 | D        | Reached XP level 11. HP: 51/51 MP: 27/29
  2301 | D        | Noticed a four-headed hydra
  2301 | D        | Noticed a five-headed hydra
  2303 | D        | Killed a four-headed hydra
  2304 | D        | Killed a five-headed hydra
  2304 | D        | Reached skill level 17 in Stealth
  2325 | D        | Noticed a death drake
  2328 | D        | Killed a death drake
  2338 | D        | Found a blossoming altar of Fedhas.
  2338 | D        | Noticed a spriggan
  2338 | D        | Noticed a spriggan druid
  2338 | D        | Noticed a spriggan
  2340 | D        | Killed a spriggan druid
  2341 | D        | Killed a spriggan
  2342 | D        | Killed a spriggan
  2373 | D        | Noticed a water moccasin
  2373 | D        | Noticed an anaconda
  2373 | D        | Noticed a black mamba
  2376 | D        | Killed a water moccasin
  2383 | D        | Killed an anaconda
  2470 | D        | Killed a black mamba
  2492 | D        | Noticed an anaconda
  2492 | D        | Noticed a water moccasin
  2492 | D        | Noticed an anaconda
  2492 | D        | Noticed a water moccasin
  2492 | D        | Noticed a water moccasin
  2492 | D        | Noticed a black mamba
  2492 | D        | Noticed a black mamba
  2494 | D        | Killed a black mamba
  2497 | D        | Killed a black mamba
  2499 | D        | Killed an anaconda
  2499 | D        | Reached skill level 18 in Stealth
  2501 | D        | Killed a water moccasin
  2506 | D        | Killed a water moccasin
  2506 | D        | Killed a water moccasin
  2508 | D        | Killed an anaconda
  2552 | D        | Noticed a water moccasin
  2552 | D        | Noticed an anaconda
  2552 | D        | Noticed a water moccasin
  2552 | D        | Noticed a black mamba
  2553 | D        | Noticed a black mamba
  2554 | D        | Killed an anaconda
  2557 | D        | Killed a water moccasin
  2563 | D        | Killed a water moccasin
  2566 | D        | Killed a black mamba
  2571 | D        | Killed a black mamba
  2571 | D        | Reached skill level 15 in Spellcasting
  2571 | D        | Reached XP level 12. HP: 54/56 MP: 17/32
  2644 | D        | Noticed a naga
  2644 | D        | Noticed a naga
  2645 | D        | Noticed a naga warrior
  2645 | D        | Noticed a greater naga
  2645 | D        | Found Qagy's Antique Weapon Shop.
  2645 | D        | Found Qoigrujaj's Jewellery Shoppe.
  2645 | D        | Found Juycug's Distillery.
  2646 | D        | Killed a naga
  2647 | D        | Killed a naga
  2649 | D        | Killed a greater naga
  2650 | D        | Killed a naga warrior
  2650 | D        | Reached skill level 19 in Stealth
  2672 | D        | Noticed a guardian serpent
  2674 | D        | Killed a guardian serpent
  2676 | D        | Got a serpentine rune of Zot
  2761 | D        | Noticed a swamp drake
  2761 | D        | Noticed a fire drake
  2762 | D        | Killed a fire drake
  2764 | D        | Killed a swamp drake
  2771 | D        | Noticed a blink frog
  2771 | D        | Noticed a blink frog
  2771 | D        | Noticed a blink frog
  2772 | D        | Noticed a blink frog
  2772 | D        | Noticed a blink frog
  2773 | D        | Killed a blink frog
  2776 | D        | Killed a blink frog
  2777 | D        | Killed a blink frog
  2781 | D        | Killed a blink frog
  2791 | D        | Killed a blink frog
  2922 | D        | Noticed Rupert
  2947 | D        | Killed Rupert
  3070 | D        | Noticed a death yak
  3071 | D        | Noticed a death yak
  3071 | D        | Noticed a blink frog
  3072 | D        | Noticed an azure jelly
  3072 | D        | Noticed a death yak
  3072 | D        | Noticed an azure jelly
  3072 | D        | Noticed a blink frog
  3072 | D        | Noticed a death yak
  3073 | D        | Killed a death yak
  3074 | D        | Killed a death yak
  3075 | D        | Killed a blink frog
  3076 | D        | Noticed a blink frog
  3076 | D        | Noticed a black mamba
  3077 | D        | Killed a death yak
  3077 | D        | Reached skill level 20 in Stealth
  3078 | D        | Noticed a black mamba
  3096 | D        | Killed a blink frog
  3211 | D        | Killed a black mamba
  3218 | D        | Killed a blink frog
  3236 | D        | Killed a death yak
  3240 | D        | Killed a black mamba
  3243 | D        | Noticed an azure jelly
  3243 | D        | Noticed an azure jelly
  3596 | D        | Noticed a swamp drake
  3598 | D        | Killed a swamp drake
  3602 | D        | Noticed a swamp drake
  3603 | D        | Found Gilo's Antique Armour Shoppe.
  3603 | D        | Found Aguonn's Book Boutique.
  3603 | D        | Noticed a swamp dragon
  3606 | D        | Killed a swamp drake
  3690 | D        | Noticed a swamp dragon
  3690 | D        | Found Kavepn's Distillery.
  3691 | D        | Killed a swamp dragon
  3692 | D        | Killed a swamp dragon
  3884 | D        | Noticed a swamp dragon
  3886 | D        | Killed a swamp dragon
  3886 | D        | Reached skill level 15 in Short Blades
  3936 | D        | Noticed an eight-headed hydra
  3936 | D        | Noticed the 27-headed Lernaean hydra
  3993 | D        | Noticed an elephant
  3993 | D        | Noticed an elephant
  3993 | D        | Noticed a dire elephant
  3993 | D        | Noticed a dire elephant
  3993 | D        | Noticed Gastronok
  4011 | D        | Killed a dire elephant
  4011 | D        | Reached XP level 13. HP: 60/60 MP: 22/34
  4017 | D        | Killed a dire elephant
  4034 | D        | Killed from afar by Gastronok

Vault maps used:
D:        dungeon_sprint_mu

Action                   |  1- 3 |  4- 6 |  7- 9 | 10-12 | 13-15 || total
-------------------------+-------+-------+-------+-------+-------++-------
Melee: Dagger            |    19 |     9 |    63 |   444 |     3 ||   538
 Cast: Ensorcelled Hiber |     4 |       |    40 |    25 |       ||    69
       Confuse           |     1 |       |     2 |     2 |       ||     5
       Dazzling Spray    |       |     6 |     6 |    39 |    10 ||    61
       Tukima's Dance    |       |       |       |     3 |       ||     3
Invok: Shadow Step       |       |       |     2 |    14 |       ||    16
  Use: Scroll            |     3 |       |       |     1 |       ||     4
       Potion            |     2 |       |       |     1 |       ||     3
 Stab: Sleeping          |     5 |     5 |    33 |    56 |       ||    99
       Invisible         |       |       |     1 |     3 |     2 ||     6
       Held in net/web   |       |       |     1 |       |       ||     1
  Eat: Bread ration      |       |       |       |     1 |       ||     1
